 Dungeon Crawl Stone Soup version 0.25-a0-701-gb30f108f01 (webtiles) character file.

Game seed: 15400228557928363111, levelgen mode: deterministic

44 Mgcat the Magician (level 3, -1/24 HPs)
             Began as a Mummy Earth Elementalist on Apr 3, 2020.
             Slain by a black bear (3 damage)
             ... on level 2 of the Dungeon.
             The game lasted 00:02:36 (1139 turns).

Mgcat the Magician (Mummy Earth Elementalist)       Turns: 1139, Time: 00:02:37

Health: -1/24      AC:  3    Str: 12    XL:     3   Next: 39%
Magic:  5/8        EV: 12    Int: 14    God:
Gold:   49         SH:  0    Dex: 12    Spells: 8/9 levels left

rFire    x . .     SeeInvis +   a - +0 spear
rCold    + . .     Gourm    .   (no shield)
rNeg     + + +     Faith    +   c - +0 robe
rPois    ∞         Spirit   .   (no helmet)
rElec    .         Reflect  .   (no cloak)
rCorr    .         Harm     .   g - +0 pair of gloves
MR       .....                  (no boots)
Stlth    ++........             k - amulet of faith {Faith, !P}
HPRegen  0.08/turn              e - ring of see invisible {sInv, !d}
MPRegen  0.11/turn              (no ring)

@: very slightly contaminated
A: no food or potions, fire vulnerability, cold resistance 1, negative energy
resistance 3, torment resistance, unbreathing
a: no special abilities


You were on level 2 of the Dungeon.
You were not hungry.

You visited 1 branch of the dungeon, and saw 2 of its levels.

You collected 49 gold pieces.

Inventory:

Hand Weapons
 a - a +0 spear (weapon)
   (You found it on level 1 of the Dungeon)
Missiles
 b - 36 stones (quivered)
Armour
 c - a +0 robe (worn)
 g - a +0 pair of gloves (worn)
   (You found it on level 2 of the Dungeon)
Jewellery
 e - a ring of see invisible (left hand) {sInv, !d}
   (You took it off a goblin on level 1 of the Dungeon)
 k - an amulet of faith (around neck) {Faith, !P}
   (You found it on level 2 of the Dungeon)
 l - a +5 ring of strength {unknown}
   (You found it on level 2 of the Dungeon)
Scrolls
 d - 2 scrolls of enchant weapon {unknown}
 f - a scroll of remove curse {unknown}
 h - a scroll of enchant armour {unknown}
 i - a scroll of teleportation {unknown}
 j - a scroll of identify {unknown}


   Skills:
 - Level 1.5 Dodging
 + Level 2.3 Stealth
 + Level 3.5 Spellcasting
   Level 0.7 Transmutations
 + Level 2.9 Earth Magic


You had 8 spell levels left.
You knew the following spells:

 Your Spells              Type           Power        Failure   Level  Hunger
a - Sandblast             Erth           ##....       6%          1    N/A

Your spell library contained the following spells:

 Spells                   Type           Power        Failure   Level  Hunger
 Passwall                 Tmut/Erth      #.......     14%         2    N/A
 Stone Arrow              Conj/Erth      #.....       32%         3    N/A
 Petrify                  Tmut/Erth      #.......     67%         4    N/A
 Lee's Rapid Deconstruct  Erth           ##........   86%         5    N/A

Dungeon Overview and Level Annotations

Branches:
Dungeon (2/15)

Altars:
Nemelex Xobeh
The Shining One


Innate Abilities, Weirdness & Mutations

You do not eat or drink.
Your flesh is vulnerable to fire.
You are immune to poison.
Your flesh is cold resistant. (rC+)
You are immune to negative energy. (rN+++)
You are immune to unholy pain and torment.
You can survive without breathing.


Message History

Confirm with . or Enter, or press ? or * to list all spells.
Aiming: Sandblast (safe; 6% risk of failure)
Press: ? - help, Shift-Dir - straight line, f - adder
Aim: an adder (resting)
The blast of sand hits the adder.
The adder is heavily wounded.
The adder hisses angrily.
b - 41 stones You now have 6/7 mp.
Casting: Sandblast (safe; 6% risk of failure)
Confirm with . or Enter, or press ? or * to list all spells.
Aiming: Sandblast (safe; 6% risk of failure)
Press: ? - help, Shift-Dir - straight line, f/p - adder
Aim: an adder (heavily wounded)
The blast of sand hits the adder!
You kill the adder!
b - 40 stones You now have 5/8 mp.
Attack whom?
Press: ? - help, Dir - move target cursor, f - rat
Aim: a rat You reach to attack!
You closely miss the rat. You hit the rat.
The rat is heavily wounded.
The rat barely misses you.
You hit the rat.
You kill the rat!
No target in view!
A black bear comes into view.
You see here 4 gold pieces.
You now have 49 gold pieces (gained 4).
Casting: Sandblast (safe; 6% risk of failure)
Confirm with . or Enter, or press ? or * to list all spells.
You can't see any susceptible monsters within range! (Use Z to cast anyway.)
Casting: Sandblast (safe; 6% risk of failure)
Confirm with . or Enter, or press ? or * to list all spells.
You can't see any susceptible monsters within range! (Use Z to cast anyway.)
Casting: Sandblast (safe; 6% risk of failure)
Confirm with . or Enter, or press ? or * to list all spells.
You can't see any susceptible monsters within range! (Use Z to cast anyway.)
The black bear growls angrily.
MP restored: 8
Casting: Sandblast (safe; 6% risk of failure)
Confirm with . or Enter, or press ? or * to list all spells.
You can't see any susceptible monsters within range! (Use Z to cast anyway.)
Casting: Sandblast (safe; 6% risk of failure)
Confirm with . or Enter, or press ? or * to list all spells.
You can't see any susceptible monsters within range! (Use Z to cast anyway.)
Casting: Sandblast (safe; 6% risk of failure)
Confirm with . or Enter, or press ? or * to list all spells.
Aiming: Sandblast (safe; 6% risk of failure)
Press: ? - help, Shift-Dir - straight line, f - black bear
Aim: a black bear The blast of sand hits the black bear.
The black bear is moderately wounded.
b - 39 stones You now have 7/8 mp.
Casting: Sandblast (safe; 6% risk of failure)
Confirm with . or Enter, or press ? or * to list all spells.
Aiming: Sandblast (safe; 6% risk of failure)
Press: ? - help, Shift-Dir - straight line, f/p - black bear
Aim: a black bear (moderately wounded)
The blast of sand hits the black bear!
The black bear is heavily wounded.
b - 38 stones You now have 6/8 mp.
Casting: Sandblast (safe; 6% risk of failure)
Confirm with . or Enter, or press ? or * to list all spells.
Aiming: Sandblast (safe; 6% risk of failure)
Press: ? - help, Shift-Dir - straight line, f/p - black bear
Aim: a black bear (heavily wounded)
The blast of sand hits the black bear.
The black bear is severely wounded.
b - 37 stones The black bear bites you.
The black bear claws you. The black bear completely misses you.
You take 9 damage, and have 15/24 hp.
MASSIVE DAMAGE!!
Casting: Sandblast (safe; 6% risk of failure)
Confirm with . or Enter, or press ? or * to list all spells.
Aiming: Sandblast (safe; 6% risk of failure)
Press: ? - help, Shift-Dir - straight line, f/p - black bear
Aim: a black bear (severely wounded)
The blast of sand hits the black bear.
The black bear is almost dead.
b - 36 stones The black bear goes berserk!
You now have 6/8 mp.
Casting: Sandblast (safe; 6% risk of failure)
Confirm with . or Enter, or press ? or * to list all spells.
Aiming: Sandblast (safe; 6% risk of failure)
Press: ? - help, Shift-Dir - straight line, f/p - black bear
Aim: a black bear (almost dead, berserk, fast, unusually strong)
You miscast Sandblast.
You are very lightly contaminated with residual magic.
Nothing appears to happen.
The black bear barely misses you.
The black bear claws you but does no damage.
The black bear claws you. The black bear bites you!
* * * LOW HITPOINT WARNING * * *
The black bear claws you.
You die...

#..........######
######.........)......
#........#####.#######
#.######## #.# #.#####
#.####### #...).#
#^....... #####.#
######### #.# ## #@#
..### #h# #... #.#
#... #.# ... ##.## #.#
#####...#
##.####.......#
#.............#
#..####.####.##


You could see a black bear (berserk).

Vanquished Creatures
  2 adders (D:2)
  An ooze (D:1)
  A leopard gecko (D:1)
  A giant cockroach (D:1)
  A hobgoblin (D:1)
  4 jackals (D:2)
  2 kobolds
  4 bats (D:1)
  2 frilled lizards (D:2)
  A goblin (D:1)
  2 rats
21 creatures vanquished.

Notes
Turn   | Place    | Note
-------+----------+-------------------------------------------
     0 | D:1      | Mgcat the Mummy Earth Elementalist began the quest for the
                  | Orb.
     0 | D:1      | Reached XP level 1. HP: 13/13 MP: 4/4
   208 | D:1      | Reached skill level 3 in Spellcasting
   236 | D:1      | Reached skill level 2 in Stealth
   236 | D:1      | Reached XP level 2. HP: 9/19 MP: 0/6
   816 | D:2      | Reached XP level 3. HP: 24/24 MP: 7/7
  1045 | D:2      | Found a sparkling altar of Nemelex Xobeh.
  1045 | D:2      | Found a glowing golden altar of the Shining One.
  1115 | D:2      | Noticed a black bear
  1139 | D:2      | HP: 2/24 [black bear (9)]
  1139 | D:2      | Slain by a black bear

Levels and vault maps discovered:
D:1:      evilmike_arrival_crescent, layout_rooms
D:2:      layout_loops_ring, amethyst_overflow_temple_binary

Skill      XL: |  1 |
---------------+----+-----
Spellcasting   | 3 |  3.5
Stealth        | 2 |  2.3
Dodging        | |  1.5
Transmutations | |  0.7
Earth Magic    | |  2.9

Action                   || total
-------------------------++-------
Melee: Spear             ||    47
 Cast: Sandblast         ||    24
 Stab: Sleeping          ||     1
Armor: Robe              ||    16
Dodge: Dodged            ||    34

Table legend:
 A = Non-vault XP
 B = Vault XP
 C = Vault XP percentage of total XP
 D = Non-vault monster count
 E = Vault monster count
 F = Vault count percentage of total count
                 A         B        C        D         E       F
            +---------+---------+-------+---------+---------+-------
      Total |      63 |       0 |   0.0 |      21 |       0 |   0.0
            +---------+---------+-------+---------+---------+-------
        D:1 |      23 |       0 |   0.0 |      11 |       0 |   0.0
        D:2 |      40 |       0 |   0.0 |      10 |       0 |   0.0
            +---------+---------+-------+---------+---------+-------

Levels and vault maps discovered:
D:1:      evilmike_arrival_crescent, layout_rooms
D:2:      layout_loops_ring, amethyst_overflow_temple_binary

Table legend:
 A = Turns spent in this place as a percentage of turns spent in the entire game.
 B = Non-inter-level travel turns spent in this place as a percentage of non-inter-level travel turns spent in the entire game.
 C = Inter-level travel turns spent in this place as a percentage of turns spent in this place.
 D = Turns resting spent in this place as a percentage of non-inter-level travel turns spent in this place.
 E = Turns spent auto-exploring this place as a percentage of non-inter-level travel turns spent in this place.
 F = Non-inter-level travel turns spent in this place divided by the number of levels of this place that you've seen.
                   A       B       C       D       E      F
               +-------+-------+-------+-------+-------+----------------------
         Total | 100.0 | 100.0 |   4.6 |  30.9 |  51.6 | 543.5
       Dungeon | 100.0 | 100.0 |   4.6 |  30.9 |  51.6 | 543.5
               +-------+-------+-------+-------+-------+----------------------

Table legend:
 A = Kills in this place as a percentage of kills in entire the game.
 B = Kills by you in this place as a percentage of kills by you in the entire game.
 C = Kills by friends in this place as a percentage of kills by friends in the entire game.
 D = Other kills in this place as a percentage of other kills in the entire game.
 E = Experience gained in this place as a percentage of experience gained in the entire game.
 F = Experience gained in this place divided by the number of levels of this place that you have seen.
                   A       B       C       D       E      F
               +-------+-------+-------+-------+-------+----------------------
         Total | 100.0 | 100.0 |   N/A |   N/A | 100.0 |  31.5
       Dungeon | 100.0 | 100.0 |   N/A |   N/A | 100.0 |  31.5
               +-------+-------+-------+-------+-------+----------------------
